Map: Pillars of Gold LE

Players

Lambo - Winner!

  • Race: Zerg Zerg
  • League: Master
  • Spawn Location: 7:00

Krystianer

  • Race: Protoss Protoss
  • League: Grandmaster
  • Spawn Location: 1:00

Event: DreamHack SC2 Masters 2020 Winter

VOD

Have the link to the VOD?

Description

Time

  • Played on: Oct. 25, 2020, 12:25 p.m.
  • Length: 10:35

All games in this series

Show
View Real Time Build Order
Export as new Build Order

Lambo Zerg - Winner!

Build Orders: Hatch First 

Get SALT Encoding   

  12  0:00  Drone  
  13  0:12  Overlord  
  13  0:17  Drone  
  14  0:30  Drone x2  
  16  0:44  Drone  
  17  0:53  Hatchery  
  17  0:56  Drone  
  17  1:00  Drone  
  18  1:08  Extractor  
  17  1:15  Spawning Pool  
  16  1:19  Drone  
  16  1:24  Drone  
  18  1:27  Drone  
  20  1:40  Drone  
  20  1:50  Overlord  
  20  2:01  Queen  
  20  2:04  Queen  
  20  2:05  Zergling x4  
  26  2:10  Metabolic Boost  
  26  2:12  Drone  
  27  2:16  Drone  
  28  2:23  Drone  
  29  2:30  Drone  
  30  2:38  Drone  
  30  2:41  Queen  
  30  2:43  Drone  
  34  2:51  Overlord  
  34  2:57  Hatchery  
  33  2:59  Zergling x2  
  33  3:02  Zergling x2  
  33  3:04  Zergling x2  
  36  3:17  Zergling x4  
  36  3:18  Zergling x2  
  38  3:20  Overlord  
  38  3:29  Drone x3  
  38  3:32  Drone x2  
  43  3:38  Drone  
  39  3:41  Drone  
  39  3:45  Spore Crawler  
  39  3:48  Drone x3  
  41  3:50  Drone x2  
  41  3:51  Drone  
  41  3:54  Drone  
  41  3:55  Drone  
  46  4:02  Drone x2  
  48  4:11  Overlord  
  48  4:13  Queen  
  48  4:15  Drone x2  
  53  4:17  Drone x2  
  53  4:18  Drone  
  53  4:21  Spore Crawler  
  53  4:24  Drone x2  
  56  4:25  Drone  
  56  4:27  Drone  
  56  4:30  Drone x2  
  60  4:37  Overlord  
  60  4:39  Drone x2  
  60  4:45  Drone  
  62  4:49  Extractor, Roach Warren  
  62  4:51  Drone x5  
  65  4:52  Extractor  
  65  4:53  Drone  
  65  4:56  Drone x2  
  65  4:57  Drone  
  68  5:03  Overlord  
  68  5:06  Spore Crawler  
  67  5:07  Overlord  
  67  5:12  Overlord  
  67  5:16  Lair  
  67  5:24  Drone x5  
  67  5:27  Drone  
  73  5:29  Drone x2  
  73  5:33  Roach x4  
  83  5:39  Roach x3  
  89  5:44  Drone x2  
  89  5:51  Extractor  
  89  5:54  Drone x2  
  89  5:55  Extractor  
  89  5:57  Extractor  
  89  5:59  Drone x2  
  89  6:00  Overlord  
  89  6:02  Overlord  
  90  6:04  Evolution Chamber, Overlord x2  
  90  6:09  Overlord  
  90  6:10  Overlord  
  90  6:11  Overlord  
  89  6:13  Drone  
  90  6:19  Drone x7, Glial Reconstitution  
  90  6:22  Baneling Nest  
  96  6:28  Spire  
  95  6:33  Roach x3  
  101  6:40  Hatchery  
  101  6:42  Roach x3  
  101  6:46  Drone  
  107  6:48  Zerg Missile Weapons Level 1  
  107  6:54  Roach x6  
  119  7:04  Overlord  
  119  7:07  Centrifical Hooks  
  119  7:23  Zergling x16  
  119  7:26  Overlord  
  127  7:30  Roach x2  
  127  7:31  Ravager  
  132  7:40  Roach x10  
  152  7:46  Baneling  
  152  7:52  Roach x6  
  152  7:56  Roach x2, Overlord  
  167  7:59  Ravager  
  167  8:02  Overlord  
  167  8:04  Baneling x4  
  168  8:07  Overlord  
  168  8:08  Overlord  
  168  8:11  Baneling x15, Overlord  
  168  8:16  Overlord  
  168  8:17  Overlord  
  168  8:21  Roach x3  
  168  8:23  Roach  
  162  8:27  Roach x3  
  162  8:29  Roach x3  
  162  8:31  Roach x2  
  153  8:34  Roach  
  153  8:36  Ravager  
  153  8:37  Roach  
  153  8:38  Ravager  
  152  8:42  Roach x2  
  152  8:43  Roach x2  
  152  8:45  Roach  
  152  8:46  Roach  
  156  8:50  Roach x3  
  156  8:53  Roach x2  
  149  8:59  Roach x2  
  122  9:04  Roach x2  
  122  9:08  Roach x2  
  110  9:11  Roach  
  110  9:18  Zergling x6  
  110  9:19  Zergling x2  
  114  9:24  Queen  
  114  9:27  Zergling x2  
  114  9:30  Zergling x4  
  119  9:34  Zergling x6  
  119  9:37  Zergling x2  
  123  9:38  Ravager  
  123  9:41  Zergling x8  
  130  9:45  Roach  
  130  9:46  Roach  
  130  9:49  Ravager  
  130  9:52  Roach  
  133  9:55  Roach  
  133  9:57  Queen  
  133  9:58  Roach  
  139  10:06  Roach  
  133  10:09  Roach x4  
  133  10:11  Roach  
  126  10:15  Roach  
  123  10:32  Ravager  
Show
View Real Time Build Order
Export as new Build Order

Krystianer Protoss 

Build Orders: 1 Gate Expand, Oracle Opening, Archon Immortal, Archon Drop 

Get SALT Encoding   

  12  0:00  Probe  
  13  0:12  Probe  
  14  0:19  Pylon  
  14  0:24  Probe  
  15  0:37  Probe (Chrono Boost)  
  16  0:43  Gateway  
  16  0:46  Probe (Chrono Boost)  
  17  0:52  Assimilator  
  17  0:53  Probe  
  18  1:05  Probe  
  19  1:17  Probe  
  20  1:28  Nexus  
  20  1:38  Cybernetics Core  
  20  1:41  Probe  
  20  1:45  Assimilator  
  21  1:53  Probe  
  22  1:56  Pylon  
  22  2:05  Probe  
  23  2:11  Adept (Chrono Boost)  
  25  2:17  Probe  
  26  2:23  Stargate  
  27  2:30  Probe (Chrono Boost)  
  27  2:31  Adept (Chrono Boost)  
  29  2:37  Warp Gate  
  29  2:40  Probe (Chrono Boost)  
  31  2:47  Probe (Chrono Boost)  
  31  2:49  Probe (Chrono Boost)  
  32  2:53  Probe (Chrono Boost)  
  32  2:54  Probe (Chrono Boost)  
  34  3:05  Probe  
  34  3:06  Probe  
  34  3:07  Oracle  
  39  3:17  Probe  
  39  3:18  Probe  
  41  3:23  Stalker  
  43  3:29  Shield Battery  
  43  3:30  Probe x2  
  45  3:41  Gateway  
  45  3:44  Probe  
  45  3:47  Probe (Chrono Boost)  
  43  3:53  Assimilator, Pylon  
  43  3:57  Assimilator  
  43  3:59  Probe (Chrono Boost)  
  45  4:02  Probe (Chrono Boost)  
  45  4:07  Probe (Chrono Boost)  
  46  4:11  Probe (Chrono Boost)  
  46  4:12  Twilight Council  
  46  4:13  Probe  
  48  4:22  Gateway  
  48  4:23  Pylon, Probe  
  49  4:24  Gateway  
  49  4:26  Robotics Facility  
  49  4:27  Probe  
  50  4:36  Adept  
  50  4:37  Adept  
  54  4:43  Pylon  
  54  4:59  Templar Archives  
  54  5:11  Pylon  
  54  5:13  Warp Prism (Chrono Boost)  
  54  5:14  Nexus  
  54  5:18  Probe x2  
  58  5:24  Forge  
  58  5:26  Pylon  
  58  5:32  Probe  
  59  5:35  High Templar  
  59  5:36  High Templar x3  
  59  5:39  Archon, Pylon, Immortal (Chrono Boost)  
  59  5:40  Archon  
  71  5:45  Probe  
  71  5:46  Probe  
  69  5:57  Probe  
  69  5:58  Probe  
  69  5:59  Gateway  
  69  6:02  Gateway  
  71  6:06  Protoss Ground Weapons Level 1 (Chrono Boost)  
  71  6:10  Probe, Immortal (Chrono Boost)  
  72  6:14  Probe  
  77  6:24  Assimilator  
  78  6:26  Sentry x3  
  78  6:27  Probe x2 (Chrono Boost)  
  78  6:28  Assimilator, Probe (Chrono Boost)  
  86  6:37  Probe (Chrono Boost)  
  86  6:38  Probe (Chrono Boost)  
  86  6:39  Immortal (Chrono Boost)  
  89  6:40  Probe (Chrono Boost)  
  89  6:43  Probe (Chrono Boost)  
  89  6:44  Probe (Chrono Boost)  
  95  6:51  Charge (Chrono Boost)  
  95  6:52  Gateway x2  
  96  6:54  Probe  
  96  6:55  Pylon  
  96  6:59  Probe  
  96  7:00  Probe  
  98  7:08  Immortal (Chrono Boost)  
  98  7:10  High Templar x2  
  98  7:12  Probe  
  98  7:13  Pylon  
  98  7:14  Archon  
  107  7:21  Zealot x2  
  107  7:22  Photon Cannon  
  111  7:25  Pylon  
  111  7:30  High Templar x2  
  111  7:34  Phoenix  
  111  7:36  Photon Cannon  
  117  7:38  Archon  
  117  7:43  Zealot x4  
  125  7:46  Pylon  
  125  7:55  Shield Battery  
  125  7:59  High Templar x2  
  125  8:04  Archon  
  125  8:05  Pylon, Zealot x6  
  137  8:11  Protoss Ground Weapons Level 2 (Chrono Boost)  
  116  8:27  Probe  
  116  8:32  Zealot x5  
  116  8:33  Zealot x3  
  118  8:37  Probe  
  118  8:41  Probe  
  88  8:55  Zealot  
  88  8:56  Zealot x3  
  88  9:01  Immortal (Chrono Boost)  
  91  9:07  Probe  
  75  9:12  Probe  
  75  9:15  Probe  
  66  9:19  High Templar x3, Probe  
  66  9:20  High Templar x3  
  79  9:24  Probe  
  79  9:26  Archon  
  79  9:27  Archon, Probe  
  79  9:28  Archon  
  79  9:31  Probe  
  82  9:36  Probe  
  82  9:39  Probe  
  82  9:43  Probe  
  83  9:49  Probe  
  83  9:50  Shield Battery  
  83  9:52  Sentry x2  
  88  9:55  Zealot x3  
  94  10:02  Zealot x2  
  93  10:09  Zealot  
  83  10:19  Zealot x2  
  69  10:21  Zealot x2  
  69  10:25  Zealot x2  
  69  10:26  Zealot  
Tags
 
Add a new tag
Caveats
  • Supply blocks, unpowered buildings, or Contaminate may cause inaccurate times.
  • Supply counts are checked every 10 seconds.